 Dungeon Crawl Stone Soup version 0.30-a0-46-g5a63ccc183 (webtiles) character file.

Game seed: 17347844309402374968

259 MrFrogsmire the Ruffian (level 5, -7/53 HPs)
             Began as a Troll Berserker on Sept 2, 2022.
             Was a Believer of Trog.
             Mangled by an ice beast (12 damage)
             ... on level 5 of the Dungeon.
             The game lasted 00:13:16 (2580 turns).

MrFrogsmire the Ruffian (Troll Berserker)           Turns: 2580, Time: 00:13:17

Health: -7/53      AC:  4    Str: 25    XL:     5   Next: 95%
Magic:  4/4        EV: 10    Int:  3    God:    Trog [**....]
Gold:   180        SH:  0    Dex: 11    Spells: 4/4 levels left

rFire   . . .      SeeInvis .    h - +0 scythe
rCold   . . .      Faith    .    (shield currently unavailable)
rNeg    . . .      Spirit   .    a - +0 animal skin
rPois   .          Reflect  .    (helmet restricted)
rElec   .          Harm     .    (no cloak)
rCorr   .          Rampage  .    (gloves unavailable)
Will    .....                    (boots unavailable)
Stlth   +.........               (no amulet)
HPRegen 0.97/turn                (no ring)
MPRegen 0.09/turn                (no ring)

@: no status effects
A: large, unfitting armour, claws 3, regeneration 1, shaggy fur 1, tough skin 1
a: Renounce Religion, Berserk, Trog's Hand


You were on level 5 of the Dungeon.
You worshipped Trog.
Trog was pleased with you.
You visited 2 branches of the dungeon, and saw 6 of its levels.

You collected 180 gold pieces.

Inventory:

Hand Weapons
 h - a +0 scythe (weapon)
Missiles
 j - 13 stones (quivered)
Armour
 a - a +0 animal skin (worn)
Scrolls
 c - 4 scrolls of identify {unknown}
 d - a scroll of butterflies {unknown}
 i - a scroll of brand weapon {unknown}
 m - a scroll of magic mapping {unknown}
 n - a scroll of noise {unknown}
 o - a scroll of blinking {unknown}
 p - a scroll of teleportation {unknown}
Potions
 b - a potion of curing {unknown}
 e - a potion of lignification {unknown}
 f - 2 potions of resistance {unknown}
 g - a potion of magic {unknown}
 k - a potion of heal wounds {unknown}
 l - a potion of attraction {unknown}


   Skills:
 + Level 3.5 Fighting
 + Level 1.1 Polearms
 + Level 0.1 Throwing
 + Level 3.4 Dodging
 + Level 0.2 Stealth
 + Level 4.6 Unarmed Combat


You had 4 spell levels left.
You didn't know any spells.
Your spell library contained the following spells:

 Spells                   Type           Power      Damage    Failure   Level
 Magic Dart               Conj           0%         1d3       52%         1
 Ensorcelled Hibernation  Hex/Ice        0%         N/A       67%         2
 Searing Ray              Conj           0%         2d4       67%         2
 Spider Form              Tmut/Pois      0%         N/A       88%         3
 Anguish                  Hex/Necr       0%         N/A       99%         4
 Fulminant Prism          Conj/Hex       0%         3d6       99%         4


Dungeon Overview and Level Annotations

Branches:
Dungeon (5/15)             Temple (1/1) D:4

Altars:
Ashenzari
Cheibriados
Elyvilon
Fedhas
Gozag
Hepliaklqana
Nemelex Xobeh
Okawaru
Qazlal
Ru
Trog
Uskayaw
Vehumet
Wu Jian
Xom
Yredelemnul
Zin
The Shining One


Innate Abilities, Weirdness & Mutations

You are too large for most types of armour.
You have claws for hands.
Your natural rate of healing is unusually fast.
You are covered in fur. (AC +1)
You have tough skin. (AC +1)


Message History

HP restored.
You open the door.
There is an open door here.
You open the large door.
There is a large open translucent door here.
An ice beast comes into view.
Found a hide-covered altar of Uskayaw.
You throw a stone.
The stone hits the ice beast but does no damage.
The ice beast barely misses you.
You barely miss the ice beast.
The ice beast hits you but does no damage.
You hit the ice beast.
The ice beast is lightly wounded.
The ice beast hits you but does no damage.
The ice beast closely misses you.
You barely miss the ice beast.
The ice beast is lightly wounded.
The ice beast barely misses you.
You slash the ice beast!
The ice beast is moderately wounded.
The ice beast barely misses you. The ice beast hits you.
The ice beast freezes you!
You closely miss the ice beast.
The ice beast is moderately wounded.
The ice beast hits you but does no damage.
You hit the ice beast.
The ice beast is moderately wounded.
The ice beast hits you. The ice beast freezes you! The ice beast hits you.
The ice beast freezes you!
* * * LOW HITPOINT WARNING * * *
The ice beast attacks as you move away! The ice beast barely misses you.
The ice beast hits you.
* * * LOW HITPOINT WARNING * * *
The ice beast freezes you!
* * * LOW HITPOINT WARNING * * *
The ice beast attacks as you move away! The ice beast hits you.
* * * LOW HITPOINT WARNING * * *
The ice beast freezes you!
You die...

#.####........#
##...##......<.#
#....))......###
#....######........
#....#⌠...##.......
#.8'8#.._..#.#####.
#..#.######.#.#
###>.#..'...Y.#.#
#....#..'..@..#.#
##.)..#.######.#..
......8'8# ..#
#####....# ..##
#....# ### #.....
##..... #######


You could see an ice beast.

Vanquished Creatures
  Sigmund (D:2)
  An orc priest (D:5)
  An adder (D:2)
  A white imp (D:4)
  2 dart slugs (D:1)
  2 orcs (D:5)
  2 bats
  4 endoplasms
  3 giant cockroaches
  7 hobgoblins
  6 kobolds
  4 quokkas
  4 ball pythons
  4 frilled lizards
  2 goblins
  2 rats (D:1)
46 creatures vanquished.

Notes
Turn   | Place    | Note
-------+----------+-------------------------------------------
     0 | D:1      | MrFrogsmire the Troll Berserker began the quest for the
                  | Orb.
     0 | D:1      | Reached XP level 1. HP: 22/22 MP: 0/0
   205 | D:1      | Reached XP level 2. HP: 26/29 MP: 1/1
   229 | D:2      | Found a faded altar of an unknown god.
   413 | D:2      | Noticed Sigmund
   418 | D:2      | Killed Sigmund
   419 | D:2      | Reached skill level 4 in Unarmed Combat
   419 | D:2      | Reached XP level 3. HP: 20/37 MP: 2/2
   419 | D:2      | Reached XP level 4. HP: 25/45 MP: 3/3
   419 | D:2      | Reached XP level 5. HP: 29/53 MP: 4/4
  1570 | D:1      | Reached ** piety under Trog
  1901 | D:3      | Found a sacrificial altar of Ru.
  2145 | D:4      | Found a staircase to the Ecumenical Temple.
  2156 | Temple   | Entered the Ecumenical Temple
  2521 | D:5      | Entered Level 5 of the Dungeon
  2537 | D:5      | Reached skill level 1 in Polearms
  2550 | D:5      | Found a large runed translucent door.
  2551 | D:5      | Found a large runed translucent door.
  2567 | D:5      | Found a hide-covered altar of Uskayaw.
  2567 | D:5      | Noticed an ice beast
  2580 | D:5      | Mangled by an ice beast

Illustrated notes

Levels and vault maps discovered:
D:1:      dpeg_arrival_subterranean_lakeside_camping, layout_basic
D:2:      layout_basic, ebering_ecumenical_altar_rust, minmay_puff, uniq_robin,
          uniq_sigmund
D:3:      layout_loops_ring, nicolae_ru_sacrificial_ziggurat,
          minmay_misc_feat_rugged, uniq_terence
D:4:      layout_basic, minmay_temple_entry_slanted, serial_curves,
          eino_curves_04, eino_curves_03, minmay_misc_feat_ornament,
          uniq_grinder
D:5:      layout_rooms, jmf_multi_god_temple2, serial_shops, shop,
          gammafunk_ghost_stat_death
Temple:   nicolae_temple_elliptical

Skill      XL: |  1  2  3  4  5 |
---------------+----------------+-----
Fighting       | 3 |  3.5
Dodging        | 3 |  3.4
Unarmed Combat | 4 |  4.6
Polearms       | 1 |  1.1
Throwing       | |  0.1
Stealth        | |  0.2

Action                   |  1- 3 |  4- 6 || total
-------------------------+-------+-------++-------
Melee: Unarmed           |    30 |       ||    30
       Punch             |     1 |       ||     1
       Halberd           |       |   116 ||   116
Throw: Stone             |       |    18 ||    18
 Stab: Sleeping          |     1 |     3 ||     4
Armor: Animal skin       |    17 |    60 ||    77
Dodge: Dodged            |    17 |    84 ||   101

Table legend: (Time is in decaauts)
 A = Elapsed time spent in this place.
 B = Non-inter-level travel time spent in this place.
 C = Inter-level travel time spent in this place.
 D = Time resting spent in this place.
 E = Time spent auto-exploring this place.
 F = Levels seen in this place.
 G = Mean time per level.
                   A        B        C        D        E       F      G
               +--------+--------+--------+--------+--------+-----+--------+
         Total |   2637 |    528 |   2109 |      0 |      0 |   6 |  439.5 |
       Dungeon |   2399 |    523 |   1876 |      0 |      0 |   5 |  479.8 |
        Temple |    237 |      4 |    233 |      0 |      0 |   1 |  237.0 |
               +--------+--------+--------+--------+--------+-----+--------+

Top non-repeatable levels by time:
     D:2: 1045 daAuts
     D:1: 805 daAuts
     D:3: 333 daAuts
  Temple: 237 daAuts
     D:4: 148 daAuts
     D:5: 66 daAuts
